Login

Wuhan Clan vs Mariners

Created - February 25, 2024 at 11:56

Goals
1 2 3 OT1 SO T
Wuhan Clan 2 0 2 0 1 5
Mariners 1 2 1 0 0 4
Shots
1 2 3 OT1 SO T
Wuhan Clan 10 8 6 3 3 27
Mariners 10 10 18 4 3 42

GoalsPenalties
1st period
1. Wuhan Clan , Jason Dickinson 2 (Wyatt Johnston 6) at 3:32
2. Mariners , Patrik Laine 14 (Marc Staal 6, Mika Zibanejad 32) at 6:02 (PP)
3. Wuhan Clan , Trevor Zegras 12 (Elias Pettersson 18) at 14:31 (PP)
Mark Borowiecki (WUH) for Roughing (Minor) at 5:13
Brady Skjei (GDA) for Tripping (Minor) at 11:12
Adrian Kempe (GDA) for Cross-checking (Minor) at 14:04
2nd period
4. Mariners , Anze Kopitar 16 (Brandon Montour 20) at 9:20
5. Mariners , Anze Kopitar 17 (Nicholas Paul 4, Filip Chytil 9) at 10:51
Mark Borowiecki (WUH) for Holding (Minor) at 4:18
Adam Lowry (WUH) for Hooking (Minor) at 12:35
Jacob Larsson (WUH) for Cross-checking (Minor) at 17:26
3rd period
6. Wuhan Clan , Chu Kock 11 (Trevor Zegras 15, Elias Pettersson 19) at 0:40 (PP)
7. Mariners , Patrik Laine 15 (Mika Zibanejad 33, Ricky Cumalot 29) at 10:36
8. Wuhan Clan , Adam Lowry 13 (David Krejci 10, Tomas Tatar 15) at 11:12
Marc Staal (GDA) for Boarding (Minor) at 0:22
Adam Lowry (WUH) for Holding (Minor) at 12:42
Overtime #1
No Goal
Shootout
Wuhan Clan, Elias Pettersson - Goal!
Mariners, Mika Zibanejad - Stopped by Jacob Markstrom
Wuhan Clan, Trevor Zegras - Shot Misses the Net
Mariners, Ricky Cumalot - Stopped by Jacob Markstrom
Wuhan Clan, Adam Lowry - Shot Misses the Net
Mariners, Jeff Skinner - Stopped by Jacob Markstrom
Goalie Stats
Jacob Markstrom (WUH), 38 saves from 42 shots - (0.905), W, 14-25-7, 65:00 minutes
Linus Ullmark (GDA), 23 saves from 27 shots - (0.852), OTL, 25-14-6, 65:00 minutes
3 StarsOfficial
1 - Anze Kopitar (GDA)
2 - Patrik Laine (GDA)
3 - Trevor Zegras (WUH)
Referees : Unknown
Linesman : Unknown
Game Note
No Game Note
Finance
Level 1 -- Attendance: 4959 (82.65%) -- Ticket Income $495,900
Level 2 -- Attendance: 5000 (100.00%) -- Ticket Income $275,000
Level 3 -- Attendance: 2000 (100.00%) -- Ticket Income $60,000
Level 4 -- Attendance: 4000 (100.00%) -- Ticket Income $80,000
Luxury Box -- Attendance: 918 (91.80%) -- Ticket Income $183,600
Game was played at the The Shipyard.
Total Attendance: 16877 (93.76%)
Total Ticket Income: $1,094,500
Other Income: $437,800
Total Income: $1,532,300



Team Name Goals Shots Shots Attemp Shots Blocked PIM HIT PP PK FO%
Wuhan Clan 527601810232 / 3 (67%)148%
Mariners 44211776181 / 5 (20%)252%

Wuhan Clan
Player Name POS G A P +/- PIM HIT SHT SB MP PP MP PP SHT PK MP PK SHT FO% FOT
Aaron EkbladD0000003527:201:1414:3800% 0
Adam LowryC1010439018:580:5112:05144% 25
Chu KockRW101-1002018:121:5310:00050% 2
Connor CliftonD0000060624:511:1404:2900% 0
David KrejciC/LW0110001019:330:5103:55033% 3
Dougie HamiltonD0000000220:471:3004:0200% 0
Elias PetterssonC022-1003023:101:5304:36047% 43
Jack QuinnRW0000010012:570:0000:0000% 0
Jacob LarssonD000-1250115:490:0000:0000% 0
Jason DickinsonC/LW1010012014:510:0001:54047% 19
Jesperi KotkaniemiC/LW000000107:090:0000:0000% 0
Kevin LabancRW000000107:090:0000:0000% 0
Mark BorowieckiD0000421118:251:3012:2600% 0
Michael RasmussenC/LW000001007:090:0000:00063% 8
Tomas TatarLW/RW0110002315:520:5100:1400% 0
Travis DermottD000-1030017:450:0001:5500% 0
Trevor ZegrasC/LW112-1012022:501:5314:200100% 1
Wyatt JohnstonC0110000013:230:0000:260100% 1
Mariners
Player Name POS G A P +/- PIM HIT SHT SB MP PP MP PP SHT PK MP PK SHT FO% FOT
Adrian KempeC/LW/RW000-1212015:180:2900:0000% 0
Anze KopitarC2022007018:594:1920:00074% 27
Brady SkjeiD000-1232219:214:2210:2600% 0
Brandon MontourD0111010015:020:0000:0000% 0
Erik BrannstromD000000006:060:0000:1000% 0
Ethan BearD0001010115:390:0000:3700% 0
Filip ChytilC/LW0112011114:200:0000:0000% 2
James van RiemsdykLW/RW000000005:470:0000:00038% 8
Jeff SkinnerLW000-1011021:113:5010:45041% 27
Jonatan BerggrenC/LW/RW000000005:470:0000:0000% 0
Logan StanleyD000-1002220:224:2221:1300% 0
Marc StaalD0111222021:094:2321:3100% 0
Mats ZuccarelloLW/RW000-1005019:084:1900:0000% 0
Mika ZibanejadC0220013028:194:2601:59056% 34
Nicholas PaulC/LW0112012014:200:0000:0000% 1
Patrik LaineLW/RW2020016021:134:2610:4500% 3
Ricky CumalotLW/RW0110018022:534:2621:5900% 0
Ryan GravesD0001041127:194:2301:3100% 0

Wuhan Clan

5 vs 5 Forward
Line #Left WingCenterRight WingPHYDFOFWanted %Time %Time Play
1Trevor ZegrasElias PetterssonChu Kock1223030%14:22
2David KrejciAdam LowryTomas Tatar1222829%14:03
3Wyatt JohnstonJason DickinsonJack Quinn1222627%12:57
4Jesperi KotkaniemiMichael RasmussenKevin Labanc1221615%7:09
5 vs 5 Defense
Line #DefenseDefensePHYDFOFWanted %Time %Time Play
1Aaron EkbladConnor Clifton1223026%12:37
2Dougie HamiltonMark Borowiecki1222830%14:31
3Travis DermottJacob Larsson1222633%15:50
4Aaron EkbladConnor Clifton1221611%5:33
Power Play Forward
Line #Left WingCenterRight WingPHYDFOFWanted %Time %Time Play
1Trevor ZegrasElias PetterssonChu Kock1225569%1:53
2David KrejciAdam LowryTomas Tatar1224531%0:51
Power Play Defense
Line #DefenseDefensePHYDFOFWanted %Time %Time Play
1Aaron EkbladConnor Clifton1225545%1:14
2Dougie HamiltonMark Borowiecki1224555%1:30
Penalty Kill 4 Players Forward
Line #CenterWingPHYDFOFWanted %Time %Time Play
1Elias PetterssonTrevor Zegras1225553%4:36
2Adam LowryDavid Krejci1224547%4:09
Penalty Kill 4 Players Defense
Line #DefenseDefensePHYDFOFWanted %Time %Time Play
1Aaron EkbladConnor Clifton1225554%4:43
2Dougie HamiltonMark Borowiecki1224546%4:02
Penalty Kill 3 Players
Line #WingPHYDFOFWanted %Time %Time PlayDefenseDefensePHYDFOFWanted %Time %Time Play
1Elias Pettersson122550%0:00 Aaron EkbladConnor Clifton122550%0:00
2Adam Lowry122450%0:00 Dougie HamiltonMark Borowiecki122450%0:00
4 vs 4 Forward
Line #CenterWingPHYDFOFWanted %Time %Time Play
1Elias PetterssonTrevor Zegras122550%0:00
2Adam LowryDavid Krejci122450%0:00
4 vs 4 Defense
Line #DefensePHYDFOFWanted %Time %Time Play
1Aaron EkbladConnor Clifton122550%0:00
2Dougie HamiltonMark Borowiecki122450%0:00
Last Minutes Offensive
Left WingCenterRight WingDefenseDefense
Trevor ZegrasElias PetterssonChu KockAaron EkbladConnor Clifton
Last Minutes Defensive
Left WingCenterRight WingDefenseDefense
Trevor ZegrasElias PetterssonChu KockAaron EkbladConnor Clifton
Time
Total ForwardTotal DefenseLast Minutes OffensiveLast Minutes Defensive
60:00 60:00 0:000:00
Extra Forwards
Normal PowerPlayPenalty Kill
David Krejci, Tomas Tatar, Jason DickinsonDavid Krejci, Tomas TatarDavid Krejci
Extra Defensemen
Normal PowerPlayPenalty Kill
Mark Borowiecki, Travis Dermott, Jacob LarssonMark Borowiecki, Mark BorowieckiTravis Dermott
Penalty Shots
Elias Pettersson, Trevor Zegras, Adam Lowry, Chu Kock, David Krejci
Goalie
Jacob Markstrom, James Reimer
Custom OT Lines Forwards
Elias Pettersson, Trevor Zegras, Adam Lowry, Chu Kock, David Krejci, Tomas Tatar, Jason Dickinson, Michael Rasmussen, Jesperi Kotkaniemi, Wyatt Johnston
Custom OT Lines Defensemen
Aaron Ekblad, Connor Clifton, Dougie Hamilton, Mark Borowiecki, Travis Dermott
Scratches
Blake Coleman (Healthy), Alexander Nylander (Healthy), Gabriel Carlsson (Healthy)

Mariners

5 vs 5 Forward
Line #Left WingCenterRight WingPHYDFOFWanted %Time %Time Play
1Ricky CumalotMika ZibanejadPatrik Laine1223029%13:55
2Adrian KempeJeff SkinnerMats Zuccarello1223030%14:29
3Filip ChytilAnze KopitarNicholas Paul1223030%14:20
4Jonatan BerggrenJames van RiemsdykMika Zibanejad1221012%5:47
5 vs 5 Defense
Line #DefenseDefensePHYDFOFWanted %Time %Time Play
1Ryan GravesMarc Staal1223027%13:20
2Logan StanleyBrady Skjei1222829%14:13
3Brandon MontourEthan Bear1222631%15:02
4Erik BrannstromRyan Graves1221612%5:56
Power Play Forward
Line #Left WingCenterRight WingPHYDFOFWanted %Time %Time Play
1Ricky CumalotMika ZibanejadPatrik Laine1225551%4:26
2Jeff SkinnerAnze KopitarMats Zuccarello1224549%4:19
Power Play Defense
Line #DefenseDefensePHYDFOFWanted %Time %Time Play
1Ryan GravesMarc Staal1225550%4:23
2Logan StanleyBrady Skjei1224550%4:22
Penalty Kill 4 Players Forward
Line #CenterWingPHYDFOFWanted %Time %Time Play
1Mika ZibanejadRicky Cumalot1225573%1:59
2Jeff SkinnerPatrik Laine1224527%0:45
Penalty Kill 4 Players Defense
Line #DefenseDefensePHYDFOFWanted %Time %Time Play
1Ryan GravesMarc Staal1225555%1:31
2Logan StanleyBrady Skjei1224545%1:13
Penalty Kill 3 Players
Line #WingPHYDFOFWanted %Time %Time PlayDefenseDefensePHYDFOFWanted %Time %Time Play
1Mika Zibanejad122550%0:00 Ryan GravesMarc Staal122550%0:00
2Ricky Cumalot122450%0:00 Logan StanleyBrady Skjei122450%0:00
4 vs 4 Forward
Line #CenterWingPHYDFOFWanted %Time %Time Play
1Mika ZibanejadRicky Cumalot122550%0:00
2Jeff SkinnerPatrik Laine122450%0:00
4 vs 4 Defense
Line #DefensePHYDFOFWanted %Time %Time Play
1Ryan GravesMarc Staal122550%0:00
2Logan StanleyBrady Skjei122450%0:00
Last Minutes Offensive
Left WingCenterRight WingDefenseDefense
Ricky CumalotMika ZibanejadPatrik LaineRyan GravesMarc Staal
Last Minutes Defensive
Left WingCenterRight WingDefenseDefense
Ricky CumalotMika ZibanejadPatrik LaineRyan GravesMarc Staal
Time
Total ForwardTotal DefenseLast Minutes OffensiveLast Minutes Defensive
60:00 60:00 0:000:00
Extra Forwards
Normal PowerPlayPenalty Kill
Adrian Kempe, Filip Chytil, Nicholas PaulAdrian Kempe, Filip ChytilNicholas Paul
Extra Defensemen
Normal PowerPlayPenalty Kill
Brandon Montour, Ethan Bear, Erik BrannstromBrandon Montour, Ethan BearErik Brannstrom
Penalty Shots
Mika Zibanejad, Ricky Cumalot, Jeff Skinner, Patrik Laine, Mats Zuccarello
Goalie
Linus Ullmark, Anton Forsberg
Custom OT Lines Forwards
Mika Zibanejad, Ricky Cumalot, Jeff Skinner, Patrik Laine, Mats Zuccarello, Anze Kopitar, Adrian Kempe, Filip Chytil, Nicholas Paul, James van Riemsdyk
Custom OT Lines Defensemen
Ryan Graves, Marc Staal, Logan Stanley, Brady Skjei, Brandon Montour
Scratches
Nikita Zaitsev (Healthy), Jesper Fast (Healthy)


Play-by-Play

1st period


0:01 of 1st period - Elias Pettersson wins face-off versus Mika Zibanejad in neutral zone.
0:01 of 1st period - Elias Pettersson is hit by Mika Zibanejad.
0:35 of 1st period - Shot by Patrik Laine.
0:35 of 1st period - Shot Misses the Net.
1:00 of 1st period - Off-side.
1:01 of 1st period - Adam Lowry wins face-off versus Anze Kopitar in neutral zone.
1:47 of 1st period - Brandon Montour is hit by Jacob Larsson and loses puck.
2:00 of 1st period - Shot by Adrian Kempe.
2:00 of 1st period - Shot Misses the Net.
2:02 of 1st period - Shot by Brady Skjei.
2:02 of 1st period - Shot Blocked by Jacob Larsson.
2:08 of 1st period - Shot by Mats Zuccarello.
2:08 of 1st period - Stopped by Jacob Markstrom with a rebound.
2:14 of 1st period - Shot by Jeff Skinner.
2:14 of 1st period - Shot Misses the Net.
2:16 of 1st period - Shot by Brady Skjei.
2:16 of 1st period - Shot Misses the Net.
2:18 of 1st period - Shot by Brady Skjei.
2:18 of 1st period - Shot Misses the Net.
2:20 of 1st period - Shot by Logan Stanley.
2:20 of 1st period - Shot Misses the Net.
2:22 of 1st period - Shot by Brady Skjei.
2:22 of 1st period - Stopped by Jacob Markstrom without a rebound.
2:23 of 1st period - Michael Rasmussen wins face-off versus James van Riemsdyk in Wuhan Clan zone.
3:00 of 1st period - Icing by Aaron Ekblad.
3:01 of 1st period - Michael Rasmussen wins face-off versus Jeff Skinner in Wuhan Clan zone.
3:11 of 1st period - Icing by Adrian Kempe.
3:12 of 1st period - Adam Lowry wins face-off versus Jeff Skinner in Mariners zone.
3:22 of 1st period - Shot by Adam Lowry.
3:22 of 1st period - Stopped by Linus Ullmark without a rebound.
3:23 of 1st period - Jason Dickinson wins face-off versus Patrik Laine in Mariners zone.
3:30 of 1st period - Shot by Jason Dickinson.
3:30 of 1st period - Shot Misses the Net.
3:32 of 1st period - Shot by Jason Dickinson.
3:32 of 1st period - Goal by Jason Dickinson - Wuhan Clan : 1 - Mariners : 0.
3:33 of 1st period - Adam Lowry wins face-off versus Anze Kopitar in neutral zone.
3:40 of 1st period - Shot by David Krejci.
3:40 of 1st period - Stopped by Linus Ullmark without a rebound.
3:41 of 1st period - Mika Zibanejad wins face-off versus Jason Dickinson in Mariners zone.
4:50 of 1st period - Shot by Elias Pettersson.
4:50 of 1st period - Stopped by Linus Ullmark without a rebound.
4:51 of 1st period - David Krejci wins face-off versus Jeff Skinner in Mariners zone.
5:02 of 1st period - Shot by Adam Lowry.
5:02 of 1st period - Shot Misses the Net.
5:13 of 1st period - Minor Penalty to Mark Borowiecki for Roughing.
5:14 of 1st period - Anze Kopitar wins face-off versus Elias Pettersson in Wuhan Clan zone.
5:19 of 1st period - Shot by Jeff Skinner.
5:19 of 1st period - Shot Blocked by Connor Clifton.
5:21 of 1st period - Shot by Anze Kopitar.
5:21 of 1st period - Stopped by Jacob Markstrom without a rebound.
5:22 of 1st period - Elias Pettersson wins face-off versus Jeff Skinner in Wuhan Clan zone.
5:33 of 1st period - Shot by Anze Kopitar.
5:33 of 1st period - Shot Blocked by Aaron Ekblad.
5:35 of 1st period - Shot by Brady Skjei.
5:35 of 1st period - Stopped by Jacob Markstrom without a rebound.
5:36 of 1st period - Elias Pettersson wins face-off versus Mika Zibanejad in Wuhan Clan zone.
5:44 of 1st period - Off-side.
5:45 of 1st period - Elias Pettersson wins face-off versus Mika Zibanejad in neutral zone.
5:51 of 1st period - Icing by Marc Staal.
5:52 of 1st period - Mika Zibanejad wins face-off versus Elias Pettersson in Mariners zone.
6:02 of 1st period - Shot by Marc Staal.
6:02 of 1st period - Deflect By Patrik Laine.
6:02 of 1st period - Goal by Patrik Laine - Wuhan Clan : 1 - Mariners : 1.
6:03 of 1st period - Anze Kopitar wins face-off versus Adam Lowry in neutral zone.
6:16 of 1st period - David Krejci is hit by Nicholas Paul.
6:32 of 1st period - Shot by Dougie Hamilton.
6:32 of 1st period - Shot Misses the Net.
6:34 of 1st period - Shot by Adam Lowry.
6:34 of 1st period - Shot Misses the Net.
6:54 of 1st period - Dougie Hamilton is hit by Adrian Kempe and loses puck.
7:19 of 1st period - Shot by Elias Pettersson.
7:19 of 1st period - Shot Blocked by Ryan Graves.
8:55 of 1st period - Shot by Connor Clifton.
8:55 of 1st period - Shot Blocked by Logan Stanley.
9:03 of 1st period - Shot by Kevin Labanc.
9:03 of 1st period - Stopped by Linus Ullmark without a rebound.
9:04 of 1st period - Elias Pettersson wins face-off versus Anze Kopitar in Mariners zone.
9:05 of 1st period - Shot by Trevor Zegras.
9:05 of 1st period - Shot Misses the Net.
10:45 of 1st period - Icing by Aaron Ekblad.
10:46 of 1st period - Jeff Skinner wins face-off versus Jason Dickinson in Wuhan Clan zone.
10:50 of 1st period - Icing by Connor Clifton.
10:51 of 1st period - Jason Dickinson wins face-off versus Jeff Skinner in Wuhan Clan zone.
11:12 of 1st period - Minor Penalty to Brady Skjei for Tripping.
11:13 of 1st period - Mika Zibanejad wins face-off versus Elias Pettersson in Mariners zone.
11:21 of 1st period - Icing by Chu Kock.
11:22 of 1st period - Elias Pettersson wins face-off versus Mika Zibanejad in Wuhan Clan zone.
11:37 of 1st period - Shot by Elias Pettersson.
11:37 of 1st period - Shot Misses the Net.
11:39 of 1st period - Shot by Mark Borowiecki.
11:39 of 1st period - Stopped by Linus Ullmark with a rebound.
12:25 of 1st period - Shot by Aaron Ekblad.
12:25 of 1st period - Stopped by Linus Ullmark without a rebound.
12:26 of 1st period - Elias Pettersson wins face-off versus Jeff Skinner in Mariners zone.
12:27 of 1st period - Shot by Aaron Ekblad.
12:27 of 1st period - Shot Misses the Net.
12:29 of 1st period - Shot by Connor Clifton.
12:29 of 1st period - Shot Blocked by Ethan Bear.
12:31 of 1st period - Shot by Connor Clifton.
12:31 of 1st period - Shot Misses the Net.
13:41 of 1st period - Shot by Tomas Tatar.
13:41 of 1st period - Shot Misses the Net.
13:43 of 1st period - Shot by Adam Lowry.
13:43 of 1st period - Shot Misses the Net.
14:04 of 1st period - Minor Penalty to Adrian Kempe for Cross-checking.
14:05 of 1st period - Jeff Skinner wins face-off versus Adam Lowry in Mariners zone.
14:29 of 1st period - Shot by Adam Lowry.
14:29 of 1st period - Stopped by Linus Ullmark without a rebound.
14:30 of 1st period - Elias Pettersson wins face-off versus Jeff Skinner in Mariners zone.
14:31 of 1st period - Shot by Trevor Zegras.
14:31 of 1st period - Goal by Trevor Zegras - Wuhan Clan : 2 - Mariners : 1.
14:32 of 1st period - Jason Dickinson wins face-off versus Jeff Skinner in neutral zone.
14:45 of 1st period - Jeff Skinner is hit by Connor Clifton and loses puck.
15:02 of 1st period - Shot by Adrian Kempe.
15:02 of 1st period - Stopped by Jacob Markstrom with a rebound.
15:04 of 1st period - Shot by Mats Zuccarello.
15:04 of 1st period - Shot Blocked by Aaron Ekblad.
15:21 of 1st period - Wyatt Johnston is hit by Marc Staal and loses puck.
15:34 of 1st period - Shot by Mika Zibanejad.
15:34 of 1st period - Shot Misses the Net.
15:46 of 1st period - Shot by Patrik Laine.
15:46 of 1st period - Stopped by Jacob Markstrom without a rebound.
15:47 of 1st period - Anze Kopitar wins face-off versus Elias Pettersson in Wuhan Clan zone.
16:06 of 1st period - Shot by Anze Kopitar.
16:06 of 1st period - Shot Misses the Net.
16:12 of 1st period - Shot by Chu Kock.
16:12 of 1st period - Shot Misses the Net.
16:14 of 1st period - Shot by Chu Kock.
16:14 of 1st period - Stopped by Linus Ullmark without a rebound.
16:15 of 1st period - Adam Lowry wins face-off versus Mika Zibanejad in Mariners zone.
16:18 of 1st period - Shot by David Krejci.
16:18 of 1st period - Shot Misses the Net.
16:30 of 1st period - Shot by Ricky Cumalot.
16:30 of 1st period - Stopped by Jacob Markstrom without a rebound.
16:31 of 1st period - Michael Rasmussen wins face-off versus Jeff Skinner in Wuhan Clan zone.
16:36 of 1st period - Shot by Jesperi Kotkaniemi.
16:36 of 1st period - Shot Misses the Net.
16:46 of 1st period - Shot by Jeff Skinner.
16:46 of 1st period - Shot Misses the Net.
17:15 of 1st period - Icing by Dougie Hamilton.
17:16 of 1st period - Mika Zibanejad wins face-off versus Michael Rasmussen in Wuhan Clan zone.
17:30 of 1st period - Off-side.
17:31 of 1st period - Anze Kopitar wins face-off versus Elias Pettersson in neutral zone.
17:31 of 1st period - Anze Kopitar is hit by Connor Clifton.
17:41 of 1st period - Shot by Anze Kopitar.
17:41 of 1st period - Stopped by Jacob Markstrom without a rebound.
17:42 of 1st period - Adam Lowry wins face-off versus Mika Zibanejad in Wuhan Clan zone.
17:52 of 1st period - Icing by Ryan Graves.
17:53 of 1st period - Mika Zibanejad wins face-off versus Chu Kock in Mariners zone.
18:25 of 1st period - Shot by Patrik Laine.
18:25 of 1st period - Stopped by Jacob Markstrom without a rebound.
18:26 of 1st period - Anze Kopitar wins face-off versus Adam Lowry in Wuhan Clan zone.
18:35 of 1st period - Shot by Brady Skjei.
18:35 of 1st period - Shot Misses the Net.
18:49 of 1st period - Shot by Filip Chytil.
18:49 of 1st period - Shot Blocked by Tomas Tatar.
18:51 of 1st period - Shot by Brady Skjei.
18:51 of 1st period - Shot Blocked by Tomas Tatar.
18:53 of 1st period - Shot by Nicholas Paul.
18:53 of 1st period - Deflect By Anze Kopitar.
18:53 of 1st period - Shot Misses the Net.
19:06 of 1st period - Adam Lowry is hit by Brady Skjei and loses puck.
Goals for this period are 2 for Wuhan Clan vs 1 for Mariners.
Shots for this period are 10 for Wuhan Clan vs 10 for Mariners.

2nd period


0:01 of 2nd period - Mika Zibanejad wins face-off versus Elias Pettersson in neutral zone.
0:05 of 2nd period - Ricky Cumalot is hit by Connor Clifton and loses puck.
0:54 of 2nd period - Shot by Adam Lowry.
0:54 of 2nd period - Shot Misses the Net.
1:04 of 2nd period - Shot by Tomas Tatar.
1:04 of 2nd period - Shot Misses the Net.
2:06 of 2nd period - Jack Quinn is hit by Brady Skjei and loses puck.
3:01 of 2nd period - Shot by Filip Chytil.
3:01 of 2nd period - Stopped by Jacob Markstrom with a rebound.
3:13 of 2nd period - Erik Brannstrom is hit by Trevor Zegras.
3:14 of 2nd period - Icing by Erik Brannstrom.
3:15 of 2nd period - Adam Lowry wins face-off versus James van Riemsdyk in Mariners zone.
3:20 of 2nd period - Shot by Tomas Tatar.
3:20 of 2nd period - Stopped by Linus Ullmark with a rebound.
3:22 of 2nd period - Shot by Travis Dermott.
3:22 of 2nd period - Shot Blocked by Brady Skjei.
3:24 of 2nd period - Shot by Adam Lowry.
3:24 of 2nd period - Shot Misses the Net.
3:26 of 2nd period - Shot by Adam Lowry.
3:26 of 2nd period - Stopped by Linus Ullmark without a rebound.
3:27 of 2nd period - Elias Pettersson wins face-off versus Jeff Skinner in Mariners zone.
3:30 of 2nd period - Shot by Elias Pettersson.
3:30 of 2nd period - Stopped by Linus Ullmark without a rebound.
3:31 of 2nd period - James van Riemsdyk wins face-off versus Elias Pettersson in Mariners zone.
3:42 of 2nd period - Shot by Aaron Ekblad.
3:42 of 2nd period - Stopped by Linus Ullmark without a rebound.
3:43 of 2nd period - Anze Kopitar wins face-off versus Jason Dickinson in Mariners zone.
3:55 of 2nd period - Icing by Erik Brannstrom.
3:56 of 2nd period - Elias Pettersson wins face-off versus Filip Chytil in Mariners zone.
3:56 of 2nd period - Aaron Ekblad is hit by Ryan Graves and loses puck.
4:07 of 2nd period - Off-side.
4:08 of 2nd period - Jeff Skinner wins face-off versus Adam Lowry in neutral zone.
4:08 of 2nd period - Jeff Skinner is hit by Adam Lowry.
4:17 of 2nd period - Icing by Mark Borowiecki.
4:18 of 2nd period - Mika Zibanejad wins face-off versus Adam Lowry in Wuhan Clan zone.
4:18 of 2nd period - Minor Penalty to Mark Borowiecki for Holding.
4:19 of 2nd period - Mika Zibanejad wins face-off versus Elias Pettersson in Wuhan Clan zone.
5:25 of 2nd period - Icing by Marc Staal.
5:26 of 2nd period - Adam Lowry wins face-off versus Mika Zibanejad in Mariners zone.
5:27 of 2nd period - Shot by Dougie Hamilton.
5:27 of 2nd period - Shot Misses the Net.
6:12 of 2nd period - Shot by Mats Zuccarello.
6:12 of 2nd period - Deflect By Jeff Skinner.
6:12 of 2nd period - Shot Misses the Net.
6:14 of 2nd period - Shot by Logan Stanley.
6:14 of 2nd period - Stopped by Jacob Markstrom without a rebound.
6:15 of 2nd period - Anze Kopitar wins face-off versus Elias Pettersson in Wuhan Clan zone.
6:16 of 2nd period - Shot by Jeff Skinner.
6:16 of 2nd period - Shot Misses the Net.
6:23 of 2nd period - Icing by Jason Dickinson.
6:24 of 2nd period - Jason Dickinson wins face-off versus James van Riemsdyk in Wuhan Clan zone.
6:58 of 2nd period - Shot by Brandon Montour.
6:58 of 2nd period - Shot Misses the Net.
7:22 of 2nd period - Shot by Adrian Kempe.
7:22 of 2nd period - Stopped by Jacob Markstrom without a rebound.
7:23 of 2nd period - Anze Kopitar wins face-off versus Michael Rasmussen in Wuhan Clan zone.
7:49 of 2nd period - Shot by Nicholas Paul.
7:49 of 2nd period - Stopped by Jacob Markstrom without a rebound.
7:50 of 2nd period - Elias Pettersson wins face-off versus Jeff Skinner in Wuhan Clan zone.
8:46 of 2nd period - Shot by Adam Lowry.
8:46 of 2nd period - Stopped by Linus Ullmark without a rebound.
8:47 of 2nd period - Mika Zibanejad wins face-off versus Jason Dickinson in Mariners zone.
8:47 of 2nd period - Mika Zibanejad is hit by Jack Quinn.
8:59 of 2nd period - Off-side.
9:00 of 2nd period - Anze Kopitar wins face-off versus Adam Lowry in neutral zone.
9:20 of 2nd period - Shot by Anze Kopitar.
9:20 of 2nd period - Goal by Anze Kopitar - Wuhan Clan : 2 - Mariners : 2.
9:21 of 2nd period - Mika Zibanejad wins face-off versus Elias Pettersson in neutral zone.
9:23 of 2nd period - Off-side.
9:24 of 2nd period - Mika Zibanejad wins face-off versus Elias Pettersson in neutral zone.
9:45 of 2nd period - Shot by Mika Zibanejad.
9:45 of 2nd period - Deflect By Patrik Laine.
9:45 of 2nd period - Shot Misses the Net.
10:00 of 2nd period - Trevor Zegras is hit by Brady Skjei and loses puck.
10:25 of 2nd period - Shot by Adam Lowry.
10:25 of 2nd period - Stopped by Linus Ullmark without a rebound.
10:26 of 2nd period - Jason Dickinson wins face-off versus Filip Chytil in Mariners zone.
10:31 of 2nd period - Shot by Wyatt Johnston.
10:31 of 2nd period - Shot Blocked by Filip Chytil.
10:37 of 2nd period - Jason Dickinson is hit by Filip Chytil.
10:47 of 2nd period - Shot by Anze Kopitar.
10:47 of 2nd period - Shot Misses the Net.
10:51 of 2nd period - Shot by Nicholas Paul.
10:51 of 2nd period - Deflect By Anze Kopitar.
10:51 of 2nd period - Goal by Anze Kopitar - Wuhan Clan : 2 - Mariners : 3.
10:52 of 2nd period - Jeff Skinner wins face-off versus David Krejci in neutral zone.
11:26 of 2nd period - Tomas Tatar is hit by Ethan Bear and loses puck.
11:29 of 2nd period - Shot by Adam Lowry.
11:29 of 2nd period - Stopped by Linus Ullmark without a rebound.
11:30 of 2nd period - Elias Pettersson wins face-off versus Anze Kopitar in Mariners zone.
12:32 of 2nd period - Shot by Mika Zibanejad.
12:32 of 2nd period - Stopped by Jacob Markstrom without a rebound.
12:33 of 2nd period - Adam Lowry wins face-off versus Jeff Skinner in Wuhan Clan zone.
12:35 of 2nd period - Minor Penalty to Adam Lowry for Hooking.
12:36 of 2nd period - Jason Dickinson wins face-off versus Mika Zibanejad in Wuhan Clan zone.
12:36 of 2nd period - Jason Dickinson is hit by Ricky Cumalot.
14:20 of 2nd period - Shot by Mika Zibanejad.
14:20 of 2nd period - Shot Misses the Net.
14:22 of 2nd period - Shot by Logan Stanley.
14:22 of 2nd period - Stopped by Jacob Markstrom without a rebound.
14:23 of 2nd period - Wyatt Johnston wins face-off versus Anze Kopitar in Wuhan Clan zone.
14:50 of 2nd period - Shot by Brandon Montour.
14:50 of 2nd period - Shot Misses the Net.
15:05 of 2nd period - Shot by Mika Zibanejad.
15:05 of 2nd period - Stopped by Jacob Markstrom without a rebound.
15:06 of 2nd period - Anze Kopitar wins face-off versus Adam Lowry in Wuhan Clan zone.
15:51 of 2nd period - Off-side.
15:52 of 2nd period - Jeff Skinner wins face-off versus Jason Dickinson in neutral zone.
16:05 of 2nd period - Shot by Mats Zuccarello.
16:05 of 2nd period - Stopped by Jacob Markstrom without a rebound.
16:06 of 2nd period - Elias Pettersson wins face-off versus Patrik Laine in Wuhan Clan zone.
16:12 of 2nd period - Off-side.
16:13 of 2nd period - Jason Dickinson wins face-off versus Mika Zibanejad in neutral zone.
16:21 of 2nd period - Jacob Larsson is hit by Patrik Laine and loses puck.
16:32 of 2nd period - Shot by Mika Zibanejad.
16:32 of 2nd period - Shot Misses the Net.
16:47 of 2nd period - Ricky Cumalot is hit by Travis Dermott and loses puck.
17:06 of 2nd period - Adrian Kempe is hit by Jason Dickinson and loses puck.
17:22 of 2nd period - Mats Zuccarello is hit by Jacob Larsson and loses puck.
17:26 of 2nd period - Minor Penalty to Jacob Larsson for Cross-checking.
17:27 of 2nd period - Anze Kopitar wins face-off versus Elias Pettersson in Wuhan Clan zone.
19:13 of 2nd period - Shot by Adam Lowry.
19:13 of 2nd period - Stopped by Linus Ullmark with a rebound.
19:26 of 2nd period - Off-side.
19:27 of 2nd period - Michael Rasmussen wins face-off versus James van Riemsdyk in neutral zone.
19:39 of 2nd period - Shot by Mika Zibanejad.
19:39 of 2nd period - Shot Misses the Net.
19:47 of 2nd period - Brandon Montour is hit by Michael Rasmussen and loses puck.
Goals for this period are 0 for Wuhan Clan vs 2 for Mariners.
Shots for this period are 8 for Wuhan Clan vs 10 for Mariners.

3rd period


0:01 of 3rd period - Adam Lowry wins face-off versus Patrik Laine in neutral zone.
0:03 of 3rd period - Aaron Ekblad is hit by Ryan Graves and loses puck.
0:09 of 3rd period - Ricky Cumalot is hit by Connor Clifton and loses puck.
0:21 of 3rd period - Aaron Ekblad is hit by Ryan Graves and loses puck.
0:22 of 3rd period - Minor Penalty to Marc Staal for Boarding.
0:23 of 3rd period - Elias Pettersson wins face-off versus Mika Zibanejad in Mariners zone.
0:38 of 3rd period - Shot by Trevor Zegras.
0:38 of 3rd period - Shot Blocked by Logan Stanley.
0:40 of 3rd period - Shot by Chu Kock.
0:40 of 3rd period - Goal by Chu Kock - Wuhan Clan : 3 - Mariners : 3.
0:41 of 3rd period - Jeff Skinner wins face-off versus Adam Lowry in neutral zone.
0:54 of 3rd period - Adrian Kempe is hit by Connor Clifton and loses puck.
0:57 of 3rd period - Shot by Mats Zuccarello.
0:57 of 3rd period - Shot Misses the Net.
0:59 of 3rd period - Shot by Adrian Kempe.
0:59 of 3rd period - Shot Misses the Net.
1:01 of 3rd period - Shot by Ryan Graves.
1:01 of 3rd period - Shot Misses the Net.
1:03 of 3rd period - Shot by Ryan Graves.
1:03 of 3rd period - Shot Blocked by Connor Clifton.
1:05 of 3rd period - Shot by Marc Staal.
1:05 of 3rd period - Shot Misses the Net.
1:15 of 3rd period - Shot by Mats Zuccarello.
1:15 of 3rd period - Stopped by Jacob Markstrom without a rebound.
1:16 of 3rd period - Trevor Zegras wins face-off versus Mika Zibanejad in Wuhan Clan zone.
1:35 of 3rd period - Shot by Ricky Cumalot.
1:35 of 3rd period - Stopped by Jacob Markstrom without a rebound.
1:36 of 3rd period - Anze Kopitar wins face-off versus Jason Dickinson in Wuhan Clan zone.
2:59 of 3rd period - Elias Pettersson is hit by Marc Staal and loses puck.
3:32 of 3rd period - Adam Lowry is hit by Ryan Graves and loses puck.
4:15 of 3rd period - Mats Zuccarello is hit by Jacob Larsson.
4:30 of 3rd period - Logan Stanley is hit by Jacob Larsson and loses puck.
4:51 of 3rd period - Shot by Anze Kopitar.
4:51 of 3rd period - Stopped by Jacob Markstrom without a rebound.
4:52 of 3rd period - Anze Kopitar wins face-off versus Elias Pettersson in Wuhan Clan zone.
5:03 of 3rd period - Shot by Anze Kopitar.
5:03 of 3rd period - Shot Blocked by Connor Clifton.
5:08 of 3rd period - Shot by Nicholas Paul.
5:08 of 3rd period - Stopped by Jacob Markstrom without a rebound.
5:09 of 3rd period - James van Riemsdyk wins face-off versus Adam Lowry in Wuhan Clan zone.
5:27 of 3rd period - James van Riemsdyk is hit by Mark Borowiecki and loses puck.
5:35 of 3rd period - Off-side.
5:36 of 3rd period - Jeff Skinner wins face-off versus Elias Pettersson in neutral zone.
5:38 of 3rd period - Off-side.
5:39 of 3rd period - Chu Kock wins face-off versus Jeff Skinner in neutral zone.
5:54 of 3rd period - Shot by Mats Zuccarello.
5:54 of 3rd period - Stopped by Jacob Markstrom with a rebound.
5:56 of 3rd period - Shot by Mats Zuccarello.
5:56 of 3rd period - Stopped by Jacob Markstrom without a rebound.
5:57 of 3rd period - Anze Kopitar wins face-off versus Jason Dickinson in Wuhan Clan zone.
7:02 of 3rd period - Icing by Brady Skjei.
7:03 of 3rd period - Anze Kopitar wins face-off versus Adam Lowry in Mariners zone.
7:03 of 3rd period - Anze Kopitar is hit by Adam Lowry.
7:09 of 3rd period - Shot by David Krejci.
7:09 of 3rd period - Deflect By Tomas Tatar.
7:09 of 3rd period - Stopped by Linus Ullmark without a rebound.
7:10 of 3rd period - Adam Lowry wins face-off versus Mika Zibanejad in Mariners zone.
7:13 of 3rd period - Shot by David Krejci.
7:13 of 3rd period - Shot Misses the Net.
7:31 of 3rd period - Shot by Mika Zibanejad.
7:31 of 3rd period - Shot Misses the Net.
7:35 of 3rd period - Shot by Patrik Laine.
7:35 of 3rd period - Shot Misses the Net.
7:48 of 3rd period - Shot by Ricky Cumalot.
7:48 of 3rd period - Stopped by Jacob Markstrom without a rebound.
7:49 of 3rd period - Elias Pettersson wins face-off versus Jeff Skinner in Wuhan Clan zone.
8:57 of 3rd period - Shot by Jack Quinn.
8:57 of 3rd period - Shot Misses the Net.
9:06 of 3rd period - James van Riemsdyk is hit by Mark Borowiecki.
9:23 of 3rd period - Icing by Dougie Hamilton.
9:24 of 3rd period - Jason Dickinson wins face-off versus Nicholas Paul in Wuhan Clan zone.
9:41 of 3rd period - Shot by David Krejci.
9:41 of 3rd period - Shot Misses the Net.
9:46 of 3rd period - Icing by Brady Skjei.
9:47 of 3rd period - Michael Rasmussen wins face-off versus Anze Kopitar in Mariners zone.
9:58 of 3rd period - Shot by Jesperi Kotkaniemi.
9:58 of 3rd period - Stopped by Linus Ullmark without a rebound.
9:59 of 3rd period - Mika Zibanejad wins face-off versus Elias Pettersson in Mariners zone.
10:19 of 3rd period - Ricky Cumalot is hit by Travis Dermott and loses puck.
10:26 of 3rd period - Shot by Mika Zibanejad.
10:26 of 3rd period - Shot Misses the Net.
10:28 of 3rd period - Shot by Mika Zibanejad.
10:28 of 3rd period - Shot Misses the Net.
10:30 of 3rd period - Shot by Ricky Cumalot.
10:30 of 3rd period - Shot Misses the Net.
10:36 of 3rd period - Shot by Patrik Laine.
10:36 of 3rd period - Goal by Patrik Laine - Wuhan Clan : 3 - Mariners : 4.
10:37 of 3rd period - Jeff Skinner wins face-off versus Adam Lowry in neutral zone.
11:10 of 3rd period - Shot by Tomas Tatar.
11:10 of 3rd period - Deflect By David Krejci.
11:10 of 3rd period - Shot Blocked by Brady Skjei.
11:12 of 3rd period - Shot by Adam Lowry.
11:12 of 3rd period - Goal by Adam Lowry - Wuhan Clan : 4 - Mariners : 4.
11:13 of 3rd period - Jason Dickinson wins face-off versus Anze Kopitar in neutral zone.
11:37 of 3rd period - Shot by Jack Quinn.
11:37 of 3rd period - Shot Misses the Net.
11:51 of 3rd period - Shot by Jason Dickinson.
11:51 of 3rd period - Stopped by Linus Ullmark without a rebound.
11:52 of 3rd period - Elias Pettersson wins face-off versus Mika Zibanejad in Mariners zone.
12:01 of 3rd period - Shot by Ricky Cumalot.
12:01 of 3rd period - Stopped by Jacob Markstrom with a rebound.
12:03 of 3rd period - Shot by Ricky Cumalot.
12:03 of 3rd period - Shot Blocked by Connor Clifton.
12:07 of 3rd period - Shot by Ricky Cumalot.
12:07 of 3rd period - Stopped by Jacob Markstrom without a rebound.
12:08 of 3rd period - Jeff Skinner wins face-off versus Adam Lowry in Wuhan Clan zone.
12:08 of 3rd period - Jeff Skinner is hit by Travis Dermott.
12:20 of 3rd period - Shot by Adam Lowry.
12:20 of 3rd period - Shot Misses the Net.
12:42 of 3rd period - Minor Penalty to Adam Lowry for Holding.
12:43 of 3rd period - Mika Zibanejad wins face-off versus Elias Pettersson in Wuhan Clan zone.
12:44 of 3rd period - Shot by Ryan Graves.
12:44 of 3rd period - Shot Misses the Net.
12:46 of 3rd period - Shot by Marc Staal.
12:46 of 3rd period - Stopped by Jacob Markstrom with a rebound.
12:52 of 3rd period - Shot by Ricky Cumalot.
12:52 of 3rd period - Shot Misses the Net.
12:54 of 3rd period - Shot by Mika Zibanejad.
12:54 of 3rd period - Deflect By Ricky Cumalot.
12:54 of 3rd period - Shot Misses the Net.
12:56 of 3rd period - Shot by Ryan Graves.
12:56 of 3rd period - Shot Misses the Net.
12:58 of 3rd period - Shot by Ryan Graves.
12:58 of 3rd period - Shot Blocked by Aaron Ekblad.
13:00 of 3rd period - Shot by Ricky Cumalot.
13:00 of 3rd period - Shot Hit the Post.
13:06 of 3rd period - Shot by Ricky Cumalot.
13:06 of 3rd period - Stopped by Jacob Markstrom without a rebound.
13:07 of 3rd period - Anze Kopitar wins face-off versus Elias Pettersson in Wuhan Clan zone.
13:08 of 3rd period - Shot by Brady Skjei.
13:08 of 3rd period - Shot Misses the Net.
13:10 of 3rd period - Shot by Brady Skjei.
13:10 of 3rd period - Shot Misses the Net.
13:16 of 3rd period - Shot by Anze Kopitar.
13:16 of 3rd period - Shot Misses the Net.
13:18 of 3rd period - Shot by Anze Kopitar.
13:18 of 3rd period - Stopped by Jacob Markstrom without a rebound.
13:19 of 3rd period - Elias Pettersson wins face-off versus Mika Zibanejad in Wuhan Clan zone.
13:33 of 3rd period - Shot by Mika Zibanejad.
13:33 of 3rd period - Shot Misses the Net.
13:35 of 3rd period - Shot by Mika Zibanejad.
13:35 of 3rd period - Shot Misses the Net.
13:37 of 3rd period - Shot by Ricky Cumalot.
13:37 of 3rd period - Shot Blocked by Mark Borowiecki.
13:39 of 3rd period - Shot by Marc Staal.
13:39 of 3rd period - Stopped by Jacob Markstrom with a rebound.
13:51 of 3rd period - Shot by Patrik Laine.
13:51 of 3rd period - Deflect By Ricky Cumalot.
13:51 of 3rd period - Stopped by Jacob Markstrom without a rebound.
13:52 of 3rd period - Anze Kopitar wins face-off versus Elias Pettersson in Wuhan Clan zone.
13:58 of 3rd period - Jeff Skinner is hit by Connor Clifton and loses puck.
14:01 of 3rd period - Shot by Jeff Skinner.
14:01 of 3rd period - Stopped by Jacob Markstrom without a rebound.
14:02 of 3rd period - Anze Kopitar wins face-off versus Elias Pettersson in Wuhan Clan zone.
14:07 of 3rd period - Shot by Brady Skjei.
14:07 of 3rd period - Shot Blocked by Connor Clifton.
14:35 of 3rd period - Shot by Anze Kopitar.
14:35 of 3rd period - Shot Misses the Net.
14:37 of 3rd period - Shot by Logan Stanley.
14:37 of 3rd period - Shot Misses the Net.
14:48 of 3rd period - Ricky Cumalot is hit by Jacob Larsson.
14:52 of 3rd period - Shot by Mika Zibanejad.
14:52 of 3rd period - Shot Misses the Net.
14:54 of 3rd period - Shot by Ryan Graves.
14:54 of 3rd period - Shot Misses the Net.
14:56 of 3rd period - Shot by Ryan Graves.
14:56 of 3rd period - Stopped by Jacob Markstrom without a rebound.
14:57 of 3rd period - James van Riemsdyk wins face-off versus Elias Pettersson in Wuhan Clan zone.
15:05 of 3rd period - Shot by Mika Zibanejad.
15:05 of 3rd period - Shot Misses the Net.
15:50 of 3rd period - Off-side.
15:51 of 3rd period - Jeff Skinner wins face-off versus Jason Dickinson in neutral zone.
16:39 of 3rd period - Adam Lowry is hit by Jeff Skinner.
16:49 of 3rd period - Ryan Graves is hit by Adam Lowry and loses puck.
17:16 of 3rd period - Shot by Nicholas Paul.
17:16 of 3rd period - Shot Misses the Net.
17:24 of 3rd period - Shot by Filip Chytil.
17:24 of 3rd period - Shot Misses the Net.
17:28 of 3rd period - Shot by Anze Kopitar.
17:28 of 3rd period - Shot Blocked by Dougie Hamilton.
17:30 of 3rd period - Shot by Nicholas Paul.
17:30 of 3rd period - Shot Misses the Net.
17:32 of 3rd period - Shot by Anze Kopitar.
17:32 of 3rd period - Shot Misses the Net.
17:38 of 3rd period - Shot by Anze Kopitar.
17:38 of 3rd period - Shot Misses the Net.
17:40 of 3rd period - Shot by Nicholas Paul.
17:40 of 3rd period - Shot Blocked by Dougie Hamilton.
18:04 of 3rd period - Shot by Patrik Laine.
18:04 of 3rd period - Stopped by Jacob Markstrom without a rebound.
18:05 of 3rd period - Elias Pettersson wins face-off versus James van Riemsdyk in Wuhan Clan zone.
18:24 of 3rd period - Shot by Aaron Ekblad.
18:24 of 3rd period - Shot Misses the Net.
18:26 of 3rd period - Shot by Trevor Zegras.
18:26 of 3rd period - Stopped by Linus Ullmark without a rebound.
18:27 of 3rd period - Mika Zibanejad wins face-off versus Michael Rasmussen in Mariners zone.
18:48 of 3rd period - Shot by Michael Rasmussen.
18:48 of 3rd period - Shot Misses the Net.
19:00 of 3rd period - Shot by Jesperi Kotkaniemi.
19:00 of 3rd period - Shot Misses the Net.
19:11 of 3rd period - Icing by Ryan Graves.
19:12 of 3rd period - Mika Zibanejad wins face-off versus Jason Dickinson in Mariners zone.
19:28 of 3rd period - Icing by Connor Clifton.
19:29 of 3rd period - Anze Kopitar wins face-off versus Jason Dickinson in Wuhan Clan zone.
19:34 of 3rd period - Shot by Filip Chytil.
19:34 of 3rd period - Shot Misses the Net.
19:36 of 3rd period - Shot by Anze Kopitar.
19:36 of 3rd period - Shot Blocked by Connor Clifton.
19:38 of 3rd period - Shot by Anze Kopitar.
19:38 of 3rd period - Shot Misses the Net.
19:45 of 3rd period - Off-side.
19:46 of 3rd period - Elias Pettersson wins face-off versus Jeff Skinner in neutral zone.
19:50 of 3rd period - Chu Kock is hit by Brandon Montour.
Goals for this period are 2 for Wuhan Clan vs 1 for Mariners.
Shots for this period are 6 for Wuhan Clan vs 18 for Mariners.

Overtime #1


0:01 of 1st overtime period - Mika Zibanejad wins face-off versus Elias Pettersson in neutral zone.
0:38 of 1st overtime period - Shot by Aaron Ekblad.
0:38 of 1st overtime period - Stopped by Linus Ullmark without a rebound.
0:39 of 1st overtime period - Jeff Skinner wins face-off versus Adam Lowry in Mariners zone.
1:08 of 1st overtime period - Shot by Patrik Laine.
1:08 of 1st overtime period - Stopped by Jacob Markstrom without a rebound.
1:09 of 1st overtime period - Elias Pettersson wins face-off versus Mika Zibanejad in Wuhan Clan zone.
1:30 of 1st overtime period - Shot by Trevor Zegras.
1:30 of 1st overtime period - Deflect By Elias Pettersson.
1:30 of 1st overtime period - Stopped by Linus Ullmark with a rebound.
1:40 of 1st overtime period - Shot by Ryan Graves.
1:40 of 1st overtime period - Shot Misses the Net.
1:42 of 1st overtime period - Shot by Mika Zibanejad.
1:42 of 1st overtime period - Shot Misses the Net.
1:44 of 1st overtime period - Shot by Ricky Cumalot.
1:44 of 1st overtime period - Shot Misses the Net.
2:24 of 1st overtime period - Shot by Adam Lowry.
2:24 of 1st overtime period - Stopped by Linus Ullmark without a rebound.
2:25 of 1st overtime period - Mika Zibanejad wins face-off versus David Krejci in Mariners zone.
2:32 of 1st overtime period - Shot by Mika Zibanejad.
2:32 of 1st overtime period - Shot Misses the Net.
2:52 of 1st overtime period - Shot by Ricky Cumalot.
2:52 of 1st overtime period - Shot Blocked by Tomas Tatar.
3:13 of 1st overtime period - Off-side.
3:14 of 1st overtime period - Anze Kopitar wins face-off versus Elias Pettersson in neutral zone.
3:33 of 1st overtime period - Shot by Anze Kopitar.
3:33 of 1st overtime period - Stopped by Jacob Markstrom without a rebound.
3:34 of 1st overtime period - Mika Zibanejad wins face-off versus Adam Lowry in Wuhan Clan zone.
3:37 of 1st overtime period - Shot by Ricky Cumalot.
3:37 of 1st overtime period - Stopped by Jacob Markstrom without a rebound.
3:38 of 1st overtime period - Mika Zibanejad wins face-off versus Elias Pettersson in Wuhan Clan zone.
3:48 of 1st overtime period - Shot by Mika Zibanejad.
3:48 of 1st overtime period - Shot Misses the Net.
3:58 of 1st overtime period - Shot by Mika Zibanejad.
3:58 of 1st overtime period - Shot Blocked by Aaron Ekblad.
4:00 of 1st overtime period - Shot by Mika Zibanejad.
4:00 of 1st overtime period - Stopped by Jacob Markstrom without a rebound.
4:01 of 1st overtime period - Adam Lowry wins face-off versus Jeff Skinner in Wuhan Clan zone.
4:18 of 1st overtime period - Shot by Adam Lowry.
4:18 of 1st overtime period - Shot Misses the Net.
4:34 of 1st overtime period - Shot by Jeff Skinner.
4:34 of 1st overtime period - Shot Blocked by Aaron Ekblad.
4:40 of 1st overtime period - Shot by Patrik Laine.
4:40 of 1st overtime period - Shot Misses the Net.
Goals for this period are 0 for Wuhan Clan vs 0 for Mariners.
Shots for this period are 3 for Wuhan Clan vs 4 for Mariners.

ShootOut


5:00 of 1st overtime period - Round #1.
5:00 of 1st overtime period - Wuhan Clan, Elias Pettersson.
5:00 of 1st overtime period - Goal by Elias Pettersson.
5:00 of 1st overtime period - Mariners, Mika Zibanejad.
5:00 of 1st overtime period - Stopped by Jacob Markstrom.
5:00 of 1st overtime period - Round #2.
5:00 of 1st overtime period - Wuhan Clan, Trevor Zegras.
5:00 of 1st overtime period - Shot Misses the Net.
5:00 of 1st overtime period - Mariners, Ricky Cumalot.
5:00 of 1st overtime period - Stopped by Jacob Markstrom.
5:00 of 1st overtime period - Round #3.
5:00 of 1st overtime period - Wuhan Clan, Adam Lowry.
5:00 of 1st overtime period - Shot Misses the Net.
5:00 of 1st overtime period - Mariners, Jeff Skinner.
5:00 of 1st overtime period - Stopped by Jacob Markstrom.